 Dungeon Sprint DCSS version 0.15.2 (webtiles) character file.

6367 Rebelfire the Hoplite (level 10, -2/103 HPs)
             Began as a Deep Dwarf Fighter on Jan 20, 2015.
             Was a High Priest of Qazlal.
             Splashed by an oklob plant's acid (18 damage)
             ... in the Dungeon (Sprint I: "Red Sonja").
             The game lasted 00:36:49 (975 turns).

Rebelfire the Hoplite (Deep Dwarf Fighter)           Turns: 975, Time: 00:36:52

HP  -2/103       AC  1     Str 22      XL: 10   Next: 65%
MP  11/11        EV 16     Int 12      God: Qazlal [*****.]
Gold 728         SH 21     Dex 16      Spells:  0 memorised,  9 levels left

rFire  . . .     SeeInvis .     a - +0 war axe
rCold  . . .     Clarity  .     h - +3 scale mail of Hoisam {Dex+4 Int+2}
rNeg   . . .     rCorr    .     c - +0 shield
rPois  .         rRot     .     (no helmet)
rElec  .         Spirit   .     (no cloak)
SustAb .         Warding  .     (no gloves)
rMut   .         NoTele   +     e - +0 pair of boots
Gourm  .                        (no amulet)
MR     +....                    (no ring)
                                (no ring)

@: protected from physical damage, corroded equipment, non-regenerating, repel
missiles, somewhat resistant to hostile enchantments, extremely unstealthy
A: damage resistance, recharge devices, sense surroundings 2, slow healing 3
a: Device Recharging, Upheaval, Elemental Force, Disaster Area, Renounce
Religion


You were in the Dungeon.
You worshipped Qazlal.
Qazlal was extremely pleased with you.
You were not hungry.

You visited 1 branch You collected 959 gold pieces.
You spent 231 gold pieces at shops.

Inventory:

Hand weapons
 a - a +0 war axe (weapon)
 n - a +0 dagger
Armour
 b - a +0 scale mail
 c - a +0 shield (worn)
 e - a +0 pair of boots (worn)
 h - the cursed +3 scale mail of Hoisam (worn) {Dex+4 Int+2}
   (You found it in the Dungeon)

   It affects your intelligence (+2).
   It affects your dexterity (+4).
   It has a curse placed upon it.
Magical devices
 d - a wand of heal wounds (2)
 m - a wand of heal wounds (1)
Comestibles
 f - a bread ration
 o - a beef jerky
 p - a meat ration
Scrolls
 k - a scroll of identify {unknown}
 l - a scroll of blinking
 q - a scroll of recharging {unknown}
Potions
 g - 3 potions of curing
 j - 2 potions of magic


   Skills:
 + Level 10.9 Fighting
 + Level 9.7 Axes
 + Level 11.7 Armour
 + Level 13.2 Dodging
 + Level 1.8 Stealth
 + Level 14.5 Shields
 + Level 1.1 Invocations
 + Level 6.3 Evocations


You had 9 spell levels left.
You didn't know any spells.

Dungeon Overview and Level Annotations

Branches:
Dungeon (1/1)

Altars:
Cheibriados
Dithmenos
Elyvilon
Fedhas
Kikubaaqudgha
Makhleb
Nemelex Xobeh
Okawaru
Qazlal
Sif Muna
Trog
Vehumet
Xom
Yredelemnul
Zin
The Shining One
Jiyva

Shops:
D *%[

Annotations:
D exclusion: oklob plant


Innate Abilities, Weirdness & Mutations

You are resistant to damage.
You can recharge devices by infusing magical energy.
You passively map the area around you.
You do not heal naturally.


Message History

The oklob plant is moderately damaged.
You hit the oklob plant but do no damage.
The oklob plant is moderately damaged.
The oklob plant spits acid at you. The splash of acid hits you!
The acid corrodes your equipment!
The acid burns!
You slash the oklob plant!
The oklob plant is heavily damaged.
You hit the oklob plant.
The oklob plant is heavily damaged.
The oklob plant spits acid at you. The splash of acid hits you!
* * * LOW HITPOINT WARNING * * *
The acid corrodes your equipment!
The acid burns!
* * * LOW HITPOINT WARNING * * *
Your magical contamination has completely faded away.
The oklob plant spits acid at you. The splash of acid hits you!
* * * LOW HITPOINT WARNING * * *
The acid corrodes your equipment!
The acid burns!
You die...

#################################
).#.)'..#__#..')..#)$#§§.§%.§§§§§
..'..#..+§D'..#)..##§#§####§.§§§#
#+#####'#__####...%..#§# ##§§§##
#...#(####(.#####.)'§# ,###+#
###..##§#≈§§§.#§§##'#### ,#§#*
._##'#§)'§§§§§§§§#§§. * , **#§§#
...'..._#≈≈≈§.#§@#§§§§ , ,, ##.#
._##_.#P##'#####'###... ,, , * .#
__###(#(#)(..###P+ ...# ++ ##
#####.####'###[### §§## *
...'...'%....'.∩# .§# * * ,
####..P########## # *,, * G
###.###, , * * , ..#$#'#.# ,, , ,
, , G.#P..P.# ** + *


You could see an oklob plant.

Vanquished Creatures
  2 centaur warriors (D)
  A deep troll (D)
  A lindwurm (D)
  A gargoyle (D)
  2 kobold demonologists (D)
  4 demonic crawlers (D)
  A slime creature (D)
  13 hogs (D)
  A yak (D)
  An ogre (D)
  A yellow wasp (D)
  Sigmund (D)
  A jelly (D)
  Ijyb (D)
  A giant eyeball (D)
  A giant spore (D)
  A ballistomycete (D)
34 creatures vanquished.

Vanquished Creatures (others)
  A gargoyle (D)
  Sonja (D)
  3 giant spores (D)
5 creatures vanquished.

Grand Total: 39 creatures vanquished

Notes
Turn   | Place    | Note
--------------------------------------------------------------
     0 | D        | Rebelfire, the Deep Dwarf Fighter, began the quest for the Orb.
     0 | D        | Reached XP level 1. HP: 20/20 MP: 1/1
     2 | D        | Noticed Ijyb
    19 | D        | Killed a gargoyle
    21 | D        | Killed Ijyb
    21 | D        | Reached skill level 4 in Armour
    21 | D        | Reached XP level 2. HP: 27/30 MP: 2/2
    27 | D        | Noticed an ogre
    39 | D        | Killed an ogre
    39 | D        | Reached skill level 5 in Fighting
    39 | D        | Reached skill level 6 in Armour
    39 | D        | Reached XP level 3. HP: 31/39 MP: 3/3
    39 | D        | Reached XP level 4. HP: 36/46 MP: 4/4
    43 | D        | Noticed Sigmund
    51 | D        | Killed Sigmund
    51 | D        | Reached skill level 7 in Armour
    51 | D        | Reached skill level 1 in Dodging
    51 | D        | Reached XP level 5. HP: 33/55 MP: 5/5
    64 | D        | Found a snail-covered altar of Cheibriados.
    64 | D        | Found a viscous altar of Jiyva.
    64 | D        | Found a shadowy altar of Dithmenos.
    64 | D        | Found a blossoming altar of Fedhas.
    64 | D        | Noticed a slime creature
    73 | D        | Killed a slime creature
    73 | D        | Reached skill level 5 in Axes
    73 | D        | Reached skill level 8 in Armour
    73 | D        | Reached skill level 1 in Evocations
    73 | D        | Reached XP level 6. HP: 30/66 MP: 5/7
    74 | D        | Found a deep blue altar of Sif Muna.
    74 | D        | Noticed a jelly
    76 | D        | Found a radiant altar of Vehumet.
    77 | D        | Killed a jelly
   107 | D        | Found Elypni's Food Emporium.
   107 | D        | Found a white marble altar of Elyvilon.
   107 | D        | Found a stormy altar of Qazlal.
   107 | D        | Found a burning altar of Makhleb.
   107 | D        | Found a basalt altar of Yredelemnul.
   107 | D        | Found a glowing golden altar of the Shining One.
   107 | D        | Found a sparkling altar of Nemelex Xobeh.
   107 | D        | Found a shimmering altar of Xom.
   107 | D        | Found an ancient bone altar of Kikubaaqudgha.
   107 | D        | Found a glowing silver altar of Zin.
   107 | D        | Noticed a yak
   112 | D        | Killed a yak
   112 | D        | Reached skill level 9 in Armour
   112 | D        | Reached XP level 7. HP: 23/73 MP: 7/9
   113 | D        | Found an iron altar of Okawaru.
   114 | D        | Found a bloodstained altar of Trog.
   116 | D        | Became a worshipper of Qazlal Stormbringer
   126 | D        | Bought a beef jerky for 21 gold pieces
   126 | D        | Bought a meat ration for 70 gold pieces
   136 | D        | Noticed Sonja
   294 | D        | Killed Sonja
   294 | D        | Reached skill level 5 in Dodging
   310 | D        | Noticed a deep troll
   326 | D        | Killed a deep troll
   326 | D        | Reached skill level 10 in Armour
   326 | D        | Reached skill level 10 in Shields
   326 | D        | Reached XP level 8. HP: 35/82 MP: 7/9
   367 | D        | Got a steaming scale mail
   380 | D        | Identified the cursed +3 scale mail of Hoisam {Dex+4 Int+2} (You found it in the Dungeon)
   398 | D        | Noticed a centaur warrior
   399 | D        | Noticed a centaur warrior
   459 | D        | Found Cadwajez's Armour Emporium.
   476 | D        | Found Klirphea's Assorted Antiques.
   480 | D        | Noticed a shining eye
   480 | D        | Noticed a shining eye
   480 | D        | Noticed a shining eye
   480 | D        | Noticed a shining eye
   480 | D        | Noticed a shining eye
   489 | D        | Bought a diamond ring for 140 gold pieces
   543 | D        | Noticed a kobold demonologist
   544 | D        | Noticed a kobold demonologist
   546 | D        | Noticed a red devil
   547 | D        | Paralysed by a giant eyeball for 4 turns
   553 | D        | Noticed a hellwing
   556 | D        | Noticed an orange demon
   557 | D        | Noticed an iron devil
   560 | D        | Killed a kobold demonologist
   563 | D        | Killed a kobold demonologist
   563 | D        | Acquired Qazlal's first power
   563 | D        | Reached skill level 1 in Stealth
   563 | D        | Reached skill level 11 in Shields
   575 | D        | Noticed a demonic crawler
   575 | D        | Noticed a demonic crawler
   575 | D        | Noticed a demonic crawler
   575 | D        | Noticed a demonic crawler
   597 | D        | Killed a demonic crawler
   597 | D        | Gained mutation: You passively map the area around you. [level up]
   597 | D        | Reached XP level 9. HP: 14/92 MP: 10/12
   627 | D        | Killed a demonic crawler
   627 | D        | Acquired Qazlal's second power
   627 | D        | Reached skill level 10 in Dodging
   659 | D        | Killed a demonic crawler
   670 | D        | Killed a demonic crawler
   670 | D        | Reached skill level 12 in Shields
   678 | D        | Noticed a gargoyle
   694 | D        | Killed a gargoyle
   694 | D        | Reached skill level 10 in Fighting
   694 | D        | Reached skill level 1 in Invocations
   700 | D        | Noticed a lindwurm
   717 | D        | Killed a lindwurm
   717 | D        | Reached skill level 5 in Evocations
   724 | D        | Noticed a hog
   724 | D        | Noticed a hog
   724 | D        | Noticed a hog
   724 | D        | Noticed a hog
   724 | D        | Noticed a hog
   727 | D        | Noticed a hog
   729 | D        | Noticed a hog
   729 | D        | Noticed a hog
   729 | D        | Noticed a hog
   731 | D        | Noticed a hog
   731 | D        | Noticed a hog
   735 | D        | Killed a hog
   740 | D        | Noticed a hog
   748 | D        | Killed a hog
   748 | D        | Acquired Qazlal's third power
   752 | D        | Killed a hog
   752 | D        | Reached skill level 13 in Shields
   752 | D        | Reached XP level 10. HP: 33/103 MP: 12/12
   758 | D        | Killed a hog
   765 | D        | Killed a hog
   776 | D        | Killed a hog
   776 | D        | Acquired Qazlal's fourth power
   780 | D        | Killed a hog
   795 | D        | Killed a hog
   796 | D        | Noticed a hog
   799 | D        | Killed a hog
   806 | D        | Killed a hog
   816 | D        | Killed a hog
   816 | D        | Acquired Qazlal's fifth power
   825 | D        | Killed a hog
   831 | D        | Killed a hog
   831 | D        | Reached skill level 14 in Shields
   849 | D        | Noticed a daeva
   857 | D        | Noticed a 12-headed hydra
   912 | D        | Killed a centaur warrior
   930 | D        | Killed a centaur warrior
   942 | D        | Noticed a yellow wasp
   949 | D        | Killed a yellow wasp
   961 | D        | Noticed an oklob plant
   975 | D        | Splashed by an oklob plant's acid

Action                   |  1- 3 |  4- 6 |  7- 9 | 10-12 || total
-------------------------+-------+-------+-------+-------++-------
Melee: War axe           |    25 |    19 |   234 |   118 ||   396
Invok: Upheaval          |       |       |     1 |       ||     1
 Abil: Device Recharging |       |       |     6 |     2 ||     8
Evoke: Wand              |     2 |     1 |    22 |     8 ||    33
  Use: Potion            |     1 |       |     2 |     1 ||     4
 Stab: Confused          |       |       |       |     1 ||     1
  Eat: Meat ration       |       |       |     1 |       ||     1
